| TOP OF THE 1ST |
|
St. Louis Cardinals batting - Pitching for Cleveland Spiders : RHP Bret Saberhagen
|
|
Pitching: RHP Bret Saberhagen
|
|
|
Batting: LHB Steve Finley
|
0-0: Called Strike 0-1: Ball 1-1: Called Strike 1-2: Ball 2-2: Ball 3-2: DOUBLE (Line Drive, 78D, EV 108.8 MPH)
|
|
Batting: RHB Jay Bell
|
0-0: Ball 1-0: Foul Ball, location: 2F 1-1: Ball 2-1: Ball 3-1: Called Strike 3-2: Foul Ball, location: 2F 3-2: Ground out 6-3 (Groundball, 6, EV 77.5 MPH) Steve Finley to third
|
|
Batting: LHB Troy Neel
|
0-0: Ball 1-0: Foul Ball, location: 2F 1-1: Foul Ball, location: 2F 1-2: Ball 2-2: Fly out, F4 (Flyball, 34D, EV 91.3 MPH)
|
|
Batting: RHB Ivan Calderon
|
0-0: Ball 1-0: Ground out 5-3 (Groundball, 56, EV 90.0 MPH)
|
| Top of the 1st over - 0 runs, 1 hit, 0 errors, 1 left on base; St. Louis 0 - Cleveland 0 |
| BOTTOM OF THE 1ST |
|
Cleveland Spiders batting - Pitching for St. Louis Cardinals : RHP Rene Arocha
|
|
Pitching: RHP Rene Arocha
|
|
|
Batting: LHB Darryl Strawberry
|
0-0: Swinging Strike 0-1: Ball 1-1: Ball 2-1: Foul Ball, location: 2F 2-2: Strikes out swinging
|
|
Batting: RHB Bernard Gilkey
|
0-0: Ball 1-0: Fly out, F7 (Flyball, 7S, EV 81.9 MPH)
|
|
Batting: RHB Kevin Mitchell
|
0-0: Ball 1-0: Foul Ball, location: 2F 1-1: Foul Ball, location: 2F 1-2: Ball 2-2: Fly out, F8 (Flyball, 8RD, EV 95.0 MPH)
|
| Bottom of the 1st over - 0 runs, 0 hits, 0 errors, 0 left on base; St. Louis 0 - Cleveland 0 |
| TOP OF THE 2ND |
|
St. Louis Cardinals batting - Pitching for Cleveland Spiders : RHP Bret Saberhagen
|
|
Batting: LHB Karim Garcia
|
0-0: Ball 1-0: Ball 2-0: Called Strike 2-1: SINGLE (Line Drive, 34D, EV 109.4 MPH)
|
|
Batting: RHB John Valentin
|
0-0: Called Strike Karim Garcia steals 2nd base 0-1: Ball 1-1: Ball 2-1: Ball 3-1: Fly out, F9 (Flyball, 9D, EV 96.3 MPH) Runner from 2nd tags up, SAFE at 3rd, no throw by RF
|
|
Batting: RHB Dickie Thon
|
0-0: Ball 1-0: Ground out 6-3 (Groundball, 6, EV 106.9 MPH) Karim Garcia scores
|
|
Batting: RHB Damian Miller
|
0-0: Ball 1-0: Called Strike 1-1: Swinging Strike 1-2: Ball 2-2: Ball 3-2: Foul Ball, location: 2F 3-2: Strikes out swinging
|
| Top of the 2nd over - 1 run, 1 hit, 0 errors, 0 left on base; St. Louis 1 - Cleveland 0 |
| BOTTOM OF THE 2ND |
|
Cleveland Spiders batting - Pitching for St. Louis Cardinals : RHP Rene Arocha
|
|
Batting: SHB Todd Hundley
|
0-0: Ball 1-0: Ball 2-0: Ball 3-0: Fly out, F9 (Flyball, 9, EV 94.4 MPH)
|
|
Batting: LHB Raul Ibanez
|
0-0: Ball 1-0: Ball 2-0: Foul Ball, location: 2F 2-1: Ball 3-1: Called Strike 3-2: Foul Ball, location: 2F 3-2: Base on Balls
|
|
Batting: SHB Howard Johnson
|
0-0: Ball 1-0: Fly out, F5 (Popup, 5SF, EV 89.4 MPH)
|
|
Batting: SHB Tomas Perez
|
0-0: Called Strike 0-1: Swinging Strike 0-2: Ball 1-2: Strikes out swinging
|
| Bottom of the 2nd over - 0 runs, 0 hits, 0 errors, 1 left on base; St. Louis 1 - Cleveland 0 |
| TOP OF THE 3RD |
|
St. Louis Cardinals batting - Pitching for Cleveland Spiders : RHP Bret Saberhagen
|
|
Batting: SHB Stan Javier
|
0-0: Ball 1-0: Called Strike 1-1: Ball 2-1: Ball 3-1: Fly out, F9 (Flyball, 89S, EV 77.5 MPH)
|
|
Batting: LHB Steve Finley
|
0-0: Ball 1-0: SOLO HOME RUN (Flyball, 89XD, EV 104.4 MPH), Distance : 409 ft
|
|
Batting: RHB Jay Bell
|
0-0: Ball 1-0: Called Strike 1-1: Foul Ball, location: 2F 1-2: Ball 2-2: Ground out 1-3 (Groundball, P, EV 91.9 MPH)
|
|
Batting: LHB Troy Neel
|
0-0: Called Strike 0-1: Ball 1-1: Called Strike 1-2: Ball 2-2: Foul Ball, location: 2F 2-2: DOUBLE (Groundball, 3L, EV 101.3 MPH)
|
|
Batting: RHB Ivan Calderon
|
0-0: Foul Ball, location: 2F 0-1: Called Strike 0-2: Fly out, F9 (Flyball, 9, EV 77.5 MPH)
|
| Top of the 3rd over - 1 run, 2 hits, 0 errors, 1 left on base; St. Louis 2 - Cleveland 0 |
| BOTTOM OF THE 3RD |
|
Cleveland Spiders batting - Pitching for St. Louis Cardinals : RHP Rene Arocha
|
|
Batting: RHB Marquis Grissom
|
0-0: Ball 1-0: Foul Ball, location: 2F 1-1: Swinging Strike 1-2: Strikes out swinging
|
|
Batting: RHB Billy Ripken
|
0-0: Ball 1-0: Ball 2-0: Fly out, F4 (Popup, 4S, EV 78.8 MPH)
|
|
Batting: LHB Darryl Strawberry
|
0-0: Foul Ball, location: 2F 0-1: Called Strike 0-2: Fly out, F9 (Line Drive, 9, EV 98.8 MPH)
|
| Bottom of the 3rd over - 0 runs, 0 hits, 0 errors, 0 left on base; St. Louis 2 - Cleveland 0 |
| TOP OF THE 4TH |
|
St. Louis Cardinals batting - Pitching for Cleveland Spiders : RHP Bret Saberhagen
|
|
Batting: LHB Karim Garcia
|
0-0: Called Strike 0-1: Foul Ball, location: 2F 0-2: Strikes out swinging
|
|
Batting: RHB John Valentin
|
0-0: Called Strike 0-1: Ground out 6-3 (Groundball, 6M, EV 95.6 MPH)
|
|
Batting: RHB Dickie Thon
|
0-0: Called Strike 0-1: Foul Ball, location: 2F 0-2: Ball 1-2: Ball 2-2: Ground out 1-3 (Groundball, 34S, EV 90.6 MPH)
|
| Top of the 4th over - 0 runs, 0 hits, 0 errors, 0 left on base; St. Louis 2 - Cleveland 0 |
| BOTTOM OF THE 4TH |
|
Cleveland Spiders batting - Pitching for St. Louis Cardinals : RHP Rene Arocha
|
|
Batting: RHB Bernard Gilkey
|
0-0: Ball 1-0: Foul Ball, location: 2F 1-1: Called Strike 1-2: Ball 2-2: Strikes out swinging
|
|
Batting: RHB Kevin Mitchell
|
0-0: Ball 1-0: Ground out 4-3 (Groundball, 4, EV 101.9 MPH)
|
|
Batting: SHB Todd Hundley
|
0-0: Foul Ball, location: 2F 0-1: Ground out 4-3 (Groundball, 4, EV 103.1 MPH)
|
| Bottom of the 4th over - 0 runs, 0 hits, 0 errors, 0 left on base; St. Louis 2 - Cleveland 0 |
| TOP OF THE 5TH |
|
St. Louis Cardinals batting - Pitching for Cleveland Spiders : RHP Bret Saberhagen
|
|
Batting: RHB Damian Miller
|
0-0: Ball 1-0: Foul Ball, location: 2F 1-1: DOUBLE (Flyball, 8RXD, EV 104.4 MPH)
|
|
Batting: SHB Stan Javier
|
0-0: Sac Bunt to P - play at first, batter OUT! 1-3 Damian Miller to third
|
|
Batting: LHB Steve Finley
|
0-0: Ball 1-0: Ball 2-0: Foul Ball, location: 2F 2-1: Foul Ball, location: 2F 2-2: Ball 3-2: Foul Ball, location: 2F 3-2: Ground out U3 (Groundball, 34, EV 98.1 MPH) Damian Miller scores
|
|
Batting: RHB Jay Bell
|
0-0: Fly out, F8 (Line Drive, 8LM, EV 96.9 MPH)
|
| Top of the 5th over - 1 run, 1 hit, 0 errors, 0 left on base; St. Louis 3 - Cleveland 0 |
| BOTTOM OF THE 5TH |
|
Cleveland Spiders batting - Pitching for St. Louis Cardinals : RHP Rene Arocha
|
|
Batting: LHB Raul Ibanez
|
0-0: Ball 1-0: Ground out 4-3 (Groundball, 4S, EV 88.8 MPH)
|
|
Batting: SHB Howard Johnson
|
0-0: Ball 1-0: Foul Ball, location: 2F 1-1: Ground out 4-3 (Groundball, 4, EV 85.0 MPH)
|
|
Batting: SHB Tomas Perez
|
0-0: Ground out 5-3 (Groundball, 56S, EV 69.4 MPH)
|
| Bottom of the 5th over - 0 runs, 0 hits, 0 errors, 0 left on base; St. Louis 3 - Cleveland 0 |
| TOP OF THE 6TH |
|
St. Louis Cardinals batting - Pitching for Cleveland Spiders : RHP Bret Saberhagen
|
|
Batting: LHB Troy Neel
|
0-0: Ball 1-0: Swinging Strike 1-1: Swinging Strike 1-2: Strikes out swinging
|
|
Batting: RHB Ivan Calderon
|
0-0: Called Strike 0-1: Called Strike 0-2: Strikes out swinging
|
|
Batting: LHB Karim Garcia
|
0-0: Ball 1-0: Ball 2-0: Called Strike 2-1: Ball 3-1: Ground out 4-3 (Groundball, 4S, EV 80.0 MPH)
|
| Top of the 6th over - 0 runs, 0 hits, 0 errors, 0 left on base; St. Louis 3 - Cleveland 0 |
| BOTTOM OF THE 6TH |
|
Cleveland Spiders batting - Pitching for St. Louis Cardinals : RHP Rene Arocha
|
|
Batting: RHB Marquis Grissom
|
0-0: Called Strike 0-1: Ball 1-1: Swinging Strike 1-2: Strikes out swinging
|
|
Batting: RHB Billy Ripken
|
0-0: Ball 1-0: Swinging Strike 1-1: Swinging Strike 1-2: Foul Ball, location: 2F 1-2: Ball 2-2: Strikes out swinging
|
|
Batting: LHB Darryl Strawberry
|
0-0: Called Strike 0-1: Ball 1-1: Ball 2-1: Ball 3-1: SOLO HOME RUN (Flyball, 9LD, EV 103.8 MPH), Distance : 381 ft
|
|
Batting: RHB Bernard Gilkey
|
0-0: Ball 1-0: Swinging Strike 1-1: Called Strike 1-2: Foul Ball, location: 2F 1-2: Foul Ball, location: 2F 1-2: Fly out, F9 (Line Drive, 9, EV 106.9 MPH)
|
| Bottom of the 6th over - 1 run, 1 hit, 0 errors, 0 left on base; St. Louis 3 - Cleveland 1 |
| TOP OF THE 7TH |
|
St. Louis Cardinals batting - Pitching for Cleveland Spiders : RHP Bret Saberhagen
|
|
Batting: RHB John Valentin
|
0-0: Ball 1-0: Swinging Strike 1-1: Swinging Strike 1-2: Ball 2-2: Foul Ball, location: 2F 2-2: Ball 3-2: Strikes out swinging
|
|
Batting: RHB Dickie Thon
|
0-0: Ball 1-0: Called Strike 1-1: Ground out 6-3 (Groundball, 6, EV 85.0 MPH)
|
|
Batting: RHB Damian Miller
|
0-0: Fly out, F7 (Line Drive, 7, EV 85.0 MPH)
|
| Top of the 7th over - 0 runs, 0 hits, 0 errors, 0 left on base; St. Louis 3 - Cleveland 1 |
| BOTTOM OF THE 7TH |
|
Cleveland Spiders batting - Pitching for St. Louis Cardinals : RHP Rene Arocha
|
|
Pitching: RHP Mariano Rivera
|
|
|
Batting: RHB Kevin Mitchell
|
0-0: Ball 1-0: Ball 2-0: Called Strike 2-1: Swinging Strike 2-2: Ball 3-2: Base on Balls
|
|
Batting: SHB Todd Hundley
|
0-0: Ground out 4-3 (Groundball, 4D, EV 104.4 MPH) Kevin Mitchell to second
|
|
Batting: LHB Raul Ibanez
|
0-0: Called Strike 0-1: Foul Ball, location: 2F 0-2: Ground out U3 (Groundball, 3, EV 84.4 MPH) Kevin Mitchell to third
|
|
Batting: SHB Howard Johnson
|
0-0: Ball 1-0: Ball 2-0: Swinging Strike 2-1: Ball 3-1: Foul Ball, location: 2F 3-2: Foul Ball, location: 2F 3-2: Strikes out swinging
|
| Bottom of the 7th over - 0 runs, 0 hits, 0 errors, 1 left on base; St. Louis 3 - Cleveland 1 |
| TOP OF THE 8TH |
|
St. Louis Cardinals batting - Pitching for Cleveland Spiders : RHP Bret Saberhagen
|
|
Batting: SHB Stan Javier
|
0-0: SINGLE (Line Drive, 56D, EV 107.5 MPH)
|
|
Batting: LHB Steve Finley
|
0-0: Ball 1-0: Bunt missed! 1-1: Bunted foul 1-2: Ball 2-2: Strikes out swinging
|
|
Batting: RHB Jay Bell
|
0-0: Ball 1-0: Ball 2-0: Swinging Strike 2-1: Ball 3-1: Foul Ball, location: 2F 3-2: Strikes out swinging Stan Javier steals 2nd, throwing error, E2 Stan Javier to third
|
|
Batting: LHB Troy Neel
|
0-0: Ball Passed Ball! Stan Javier scores 1-0: Swinging Strike 1-1: Called Strike 1-2: Ball 2-2: Foul Ball, location: 2F 2-2: Ball 3-2: Ground out 4-3 (Groundball, 4, EV 91.9 MPH)
|
| Top of the 8th over - 1 run, 1 hit, 1 error, 0 left on base; St. Louis 4 - Cleveland 1 |
| BOTTOM OF THE 8TH |
|
Cleveland Spiders batting - Pitching for St. Louis Cardinals : RHP Mariano Rivera
|
|
Batting: SHB Tomas Perez
|
0-0: Called Strike 0-1: Foul Ball, location: 2F 0-2: Strikes out swinging
|
|
Batting: RHB Marquis Grissom
|
0-0: Ball 1-0: Swinging Strike 1-1: Ball 2-1: Called Strike 2-2: Ground out 1-3 (Groundball, P, EV 91.9 MPH)
|
|
Batting: RHB Billy Ripken
|
0-0: Called Strike 0-1: Ball 1-1: Ball 2-1: Ball 3-1: Ground out 5-3 (Groundball, 56, EV 88.8 MPH)
|
| Bottom of the 8th over - 0 runs, 0 hits, 0 errors, 0 left on base; St. Louis 4 - Cleveland 1 |
| TOP OF THE 9TH |
|
St. Louis Cardinals batting - Pitching for Cleveland Spiders : RHP Bret Saberhagen
|
|
Batting: RHB Ivan Calderon
|
0-0: Ball 1-0: Ball 2-0: Called Strike 2-1: Ball 3-1: Base on Balls
|
|
Pitching: LHP Steve Cooke
|
|
|
Batting: LHB Karim Garcia
|
0-0: Called Strike 0-1: 2-RUN HOME RUN (Flyball, 9D, EV 100.0 MPH), Distance : 361 ft
|
|
Batting: RHB John Valentin
|
0-0: Ball 1-0: Foul Ball, location: 2F 1-1: Swinging Strike 1-2: Foul Ball, location: 2F 1-2: Strikes out looking
|
|
Batting: RHB Dickie Thon
|
0-0: Called Strike 0-1: Ground out 5-3 (Groundball, 56, EV 81.3 MPH)
|
|
Batting: RHB Damian Miller
|
0-0: Called Strike 0-1: Ball 1-1: Foul Ball, location: 2F 1-2: Strikes out looking
|
| Top of the 9th over - 2 runs, 1 hit, 0 errors, 0 left on base; St. Louis 6 - Cleveland 1 |
| BOTTOM OF THE 9TH |
|
Cleveland Spiders batting - Pitching for St. Louis Cardinals : RHP Mariano Rivera
|
|
Pitching: RHP Rusty Meacham
|
|
|
Batting: LHB Darryl Strawberry
|
0-0: Ball 1-0: Called Strike 1-1: Swinging Strike 1-2: Strikes out swinging
|
|
Batting: RHB Bernard Gilkey
|
0-0: Ground out 5-3 (Groundball, 56S, EV 76.3 MPH)
|
|
Batting: RHB Kevin Mitchell
|
0-0: Ball 1-0: Ball 2-0: Ground out 5-3 (Groundball, 56S, EV 71.3 MPH)
|
| Bottom of the 9th over - 0 runs, 0 hits, 0 errors, 0 left on base; St. Louis 6 - Cleveland 1 |
|